 Dungeon Crawl Stone Soup version 0.30-a0-439-g9e77e4d916 (webtiles) character file.

Game seed: 14963554243560409126

297 AigisTheKnight the Firebug (level 6, -1/32 HPs)
             Began as a Tengu Fire Elementalist on Dec 10, 2022.
             Killed from afar by an orc wizard (6 damage)
             ... with a puff of flame
             ... on level 3 of the Dungeon.
             The game lasted 00:06:15 (3468 turns).

AigisTheKnight the Firebug (TeFE)                   Turns: 3468, Time: 00:06:17

Health: -1/32      AC:  2    Str:  9    XL:     6   Next: 35%
Magic:  3/12       EV: 16    Int: 17    God:
Gold:   130        SH:  0    Dex: 14    Spells: 8/11 levels left

rFire   . . .      SeeInvis .    u - +0 dagger (venom)
rCold   . . .      Faith    .    (no shield)
rNeg    . . .      Spirit   .    a - +0 robe
rPois   .          Reflect  .    (helmet restricted)
rElec   .          Harm     .    (no cloak)
rCorr   .          Rampage  .    (no gloves)
Will    .....                    (boots unavailable)
Stlth   +.........               (no amulet)
HPRegen 0.25/turn                r - ring of wizardry
MPRegen 0.13/turn                (no ring)

@: confused, flying quickly and evasively, studying Staves, quick
A: beak, talons 3, nimble flight
a: no special abilities


You were on level 3 of the Dungeon.
You visited 1 branch of the dungeon, and saw 4 of its levels.

You collected 130 gold pieces.

Inventory:

Hand Weapons
 t - a +0 dagger
 u - a +0 dagger of venom (weapon)
 w - a +2 mace of venom
Missiles
 h - 2 curare-tipped darts
Armour
 a - a +0 robe (worn)
 l - a +0 leather armour
Jewellery
 r - a ring of wizardry (left hand)
Wands
 p - a wand of polymorph (7)
 x - a wand of roots (15)
Scrolls
 c - a scroll of amnesia {unknown}
 j - 2 scrolls of butterflies {unknown}
 k - a scroll of silence {unknown}
 n - a scroll of brand weapon {unknown}
 o - 2 scrolls of teleportation {unknown}
 q - 4 scrolls of identify {unknown}
 s - a scroll of vulnerability {unknown}
 v - a scroll of noise {unknown}
Potions
 b - a potion of magic
 d - a potion of curing {unknown}
 e - a potion of resistance {unknown}
 f - 2 potions of might {unknown}
 g - a potion of ambrosia {unknown}
 i - a potion of haste {unknown}
 m - a potion of lignification {unknown}


   Skills:
 + Level 4.0 Dodging
 - Level 2.0 Stealth
 + Level 3.3 Spellcasting
 + Level 4.2 Conjurations
 + Level 4.7 Fire Magic


You had 8 spell levels left.
You knew the following spells:

 Your Spells              Type           Power      Damage    Failure   Level
a - Foxfire               Conj/Fire      72%        2x1d7     1%          1
b - Scorch                Fire           36%        2d7       1%          2

Your spell library contained the following spells:

 Spells                   Type           Power      Damage    Failure   Level
 Inner Flame              Hex/Fire       10%        N/A       8%          3
 Kindle Blastsparks       Fire/Tloc/Air  16%        2d11      11%         3
 Flame Wave               Conj/Fire      18%        2d7       11%         4
 Sticky Flame             Conj/Fire      18%        2d4       11%         4


Dungeon Overview and Level Annotations

Branches:
Dungeon (4/15)
 Temple: D:4-7

Altars:
Okawaru

Annotations:
D:3 1 runed translucent door, Crazy Yiuf


Innate Abilities, Weirdness & Mutations

You have a beak for a mouth.
You have claws for feet.
Your magical nature lets you fly swiftly and evasively.


Message History

Deactivating autopickup; reactivate with Ctrl-A.
Unknown command.
You hit the orc wizard.
The orc wizard is poisoned.
You peck the orc wizard.
The orc wizard is moderately wounded.
The orc wizard hits you but does no damage.
You hear some strange, mumbled words.
You are confused.
Unknown command.
You barely miss the orc wizard. Your kick misses the orc wizard.
Your peck misses the orc wizard.
The orc wizard is moderately wounded.
The orc wizard hits you with a +0 dagger.
Something hits you.
Unknown command.
The orc hits you with a +0 dagger.
The orc wizard points at you and mumbles some strange words.
You are more confused.
Unknown command.
You bump into the rock wall.
The orc wizard points at you and mumbles some strange words.
You are more confused.
A magic dart appears from out of thin air!
The magic dart hits you!
You bump into the rock wall.
The orc hits you with a +0 dagger.
You're too confused to move!
You kill the orc wizard!
Something hits you.
Your Dodging skill increases to level 4!
You're too confused to move!
The orc hits you with a +0 dagger. Something barely misses you.
The orc hits you with a +0 dagger.
You bump into the rock wall.
The orc closely misses you. Something hits you.
* * * LOW HITPOINT WARNING * * *
You bump into the rock wall.
The orc closely misses you. The orc hits you with a +0 dagger.
* * * LOW HITPOINT WARNING * * *
You hear some strange, mumbled words.
A puff of flame appears from out of thin air!
The puff of flame hits you.
You die...

#.# #.#..#..#### #o#
#.###....).....o #..
#.##...).###### ..
#.##)##.## .. #.#...#.#
#. #.......## ###### #.
#.##.....# .....####.####
#.##...{.##.....##.......
#.#....o@.#.....##.....##
##..#..o#.#.....##......#
##....##.#.....##......#
#.##..#...............#
#.#......##.#.####.....
#......).##.#.#####.#.#
###.........#.##......#
#......##.#.##.##.###
##### #...........##.##.#


You could see 2 orcs.

Vanquished Creatures
  A scorpion (D:3)
  A jelly (D:2)
  An orc priest (D:3)
  3 orc wizards (D:3)
  Robin (D:3)
  An adder (D:2)
  A worm (D:3)
  2 dart slugs
  3 orcs (D:3)
  6 ball pythons
  8 endoplasms
  3 giant cockroaches (D:2)
  12 goblins
  9 hobgoblins
  A quokka (D:1)
  2 bats
  2 frilled lizards
  9 kobolds
  7 rats
73 creatures vanquished.

Vanquished Creatures (others)
  207 foxfires
207 creatures vanquished.

Grand Total: 280 creatures vanquished

Notes
Turn   | Place    | Note
-------+----------+-------------------------------------------
     0 | D:1      | AigisTheKnight the Tengu Fire Elementalist began the quest
                  | for the Orb.
     0 | D:1      | Reached XP level 1. HP: 10/10 MP: 4/4
   394 | D:1      | Reached XP level 2. HP: 15/15 MP: 0/6
   895 | D:1      | You fall into a shaft and drop 1 floor!
   904 | D:2      | Reached XP level 3. HP: 14/19 MP: 3/7
  1682 | D:2      | Reached XP level 4. HP: 22/24 MP: 4/8
  1767 | D:2      | Learned a level 2 spell: Scorch
  2218 | D:3      | Noticed Robin
  2420 | D:3      | Noticed a scorpion
  2445 | D:3      | Killed a scorpion
  2446 | D:3      | Gained mutation: Your magical nature lets you fly swiftly
                  | and evasively. [Tengu growth]
  2446 | D:3      | Reached XP level 5. HP: 25/28 MP: 0/10
  2650 | D:3      | Found a runed translucent door.
  2651 | D:3      | Noticed Crazy Yiuf
  2684 | D:3      | Found an iron altar of Okawaru.
  2910 | D:3      | Killed Robin
  2915 | D:3      | Reached XP level 6. HP: 32/32 MP: 0/11
  3468 | D:3      | Killed from afar by an orc wizard

Illustrated notes

Levels and vault maps discovered:
D:1:      lemuel_arrival_river_ford, layout_basic
D:2:      layout_loops_ring
D:3:      layout_loops_cross, old_standard_altar, uniq_crazy_yiuf_cottage,
          uniq_robin
D:4:      layout_loops_ring, lemuel_crystal_altar, minmay_temple_entry_grid,
          nicolae_elevator_lobby_asterisk

Skill      XL: |  1  2  3  4  5  6 |
---------------+-------------------+-----
Conjurations   | 2 3 4 |  4.2
Dodging        | 3 4 |  4.0
Fire Magic     | 4 |  4.7
Spellcasting   | 3 |  3.3
Stealth        | |  2.0

Action                   |  1- 3 |  4- 6 || total
-------------------------+-------+-------++-------
Melee: Unarmed           |     6 |     1 ||     7
       Kick              |     4 |     7 ||    11
       Peck              |     3 |     3 ||     6
       Dagger            |       |    28 ||    28
 Cast: Foxfire           |    81 |    64 ||   145
       Scorch            |       |    29 ||    29
 Stab: Sleeping          |     1 |       ||     1
Armor: Robe              |     2 |     5 ||     7
Dodge: Dodged            |     5 |    29 ||    34

Table legend: (Time is in decaauts)
 A = Elapsed time spent in this place.
 B = Non-inter-level travel time spent in this place.
 C = Inter-level travel time spent in this place.
 D = Time resting spent in this place.
 E = Time spent auto-exploring this place.
 F = Levels seen in this place.
 G = Mean time per level.
                   A        B        C        D        E       F      G
               +--------+--------+--------+--------+--------+-----+--------+
         Total |   3433 |   3384 |     49 |    165 |   2663 |   4 |  858.2 |
       Dungeon |   3433 |   3384 |     49 |    165 |   2663 |   4 |  858.2 |
               +--------+--------+--------+--------+--------+-----+--------+

Top non-repeatable levels by time:
     D:3: 1140 daAuts
     D:1: 1124 daAuts
     D:2: 1070 daAuts
     D:4: 98 daAuts
